 Dungeon Crawl Stone Soup version 0.29.0-4-gdea44cf6ec (webtiles) character file.

Game seed: 10355100326634739580

15687 qw the Grappler (level 12, -2/114 HPs)
             Began as a Troll Cinder Acolyte on Aug 31, 2022.
             Was a Follower of Ignis.
             Slain by an eight-headed hydra (4 damage)
             ... on level 3 of the Lair of Beasts.
             The game lasted 00:05:35 (10055 turns).

qw the Grappler (Troll Cinder Acolyte)             Turns: 10055, Time: 00:05:35

Health: -2/114     AC: 11    Str: 35    XL:     12   Next: 3%
Magic:  12/12      EV:  8    Int: 10    God:    Ignis [*.....]
Gold:   722        SH:  9    Dex:  5    Spells: 13/13 levels left

rFire   + . .      SeeInvis .     - Unarmed
rCold   . . .      Faith    .   j - +0 kite shield
rNeg    . . .      Spirit   .   a - +0 robe
rPois   +          Reflect  .   (helmet restricted)
rElec   .          Harm     .   (no cloak)
rCorr   .          Rampage  .   (gloves unavailable)
Will    .....                   (boots unavailable)
Stlth   +.........              (no amulet)
HPRegen 1.09/turn               b - ring of poison resistance
MPRegen 0.13/turn               e - +6 ring of strength

@: about to teleport, fiery-armoured
A: large, unfitting armour, claws 3, regeneration 1, shaggy fur 1, tough skin 1
a: Renounce Religion, Fiery Armour, Foxfire Swarm, Rising Flame


You were on level 3 of the Lair of Beasts.
You worshipped Ignis.
Ignis was aware of your devotion.
You visited 2 branches of the dungeon, and saw 12 of its levels.

You collected 722 gold pieces.


Innate Abilities, Weirdness & Mutations

You are too large for most types of armour.
You have claws for hands.
Your natural rate of healing is unusually fast.
You are covered in fur. (AC +1)
You have tough skin. (AC +1)


   Skills:
 - Level 6.0 Fighting
 - Level 3.3 Throwing
 - Level 1.0 Dodging
 + Level 9.7 Shields
 - Level 14.9 Unarmed Combat
 - Level 1.0 Spellcasting
 - Level 2.1 Fire Magic


You had 13 spell levels left.
You didn't know any spells.
Your spell library contained the following spells:

 Spells                   Type           Power      Damage    Failure   Level
 Scorch                   Fire           8%         2d5       36%         2

Inventory:

Missiles
 n - a javelin (quivered)
Armour
 a - a +0 robe (worn)
 j - a +0 kite shield (worn)
Jewellery
 b - a ring of poison resistance (left claw)
 e - a +6 ring of strength (right claw)
 h - a ring of resist corrosion
 l - a ring of poison resistance
 o - a ring of willpower
Scrolls
 c - 6 scrolls of identify
 f - a scroll of teleportation
 i - a scroll of enchant armour
 q - a scroll of enchant weapon
Potions
 d - a potion of resistance
 g - a potion of curing
 k - a potion of haste
 m - a potion of mutation
 p - 2 potions of might

Dungeon Overview and Level Annotations

Branches:
Dungeon (9/15)             Temple (0/1) D:7            Lair (3/5) D:9
  Swamp: Lair:2-3    Shoals: Lair:2-3     Snake: Lair:2-3    Spider: Lair:2-3
    Orc: D:9-12

Altars:
Ashenzari
Cheibriados
Dithmenos
Gozag
Okawaru
Ru
Wu Jian
Yredelemnul
Jiyva

Portals:
Bailey: D:7

Annotations:
D:6 3 runed translucent doors, qw's ghost, novice TeWr
D:9 2 transporters, qw's ghost, novice TrCA
Lair:1 3 runed translucent doors, qw's ghost, novice TrCA


Message History

The eight-headed hydra attacks as you move away!
The eight-headed hydra bites you but does no damage.
The eight-headed hydra is burned by your cloak of flames.
The eight-headed hydra is lightly wounded.
The eight-headed hydra bites you.
The eight-headed hydra is burned by your cloak of flames.
The eight-headed hydra is lightly wounded.
The eight-headed hydra bites you but does no damage.
The eight-headed hydra is burned by your cloak of flames.
The eight-headed hydra is moderately wounded.
The eight-headed hydra bites you!
The eight-headed hydra is burned by your cloak of flames.
The eight-headed hydra is moderately wounded.
The eight-headed hydra bites you but does no damage.
The eight-headed hydra is burned by your cloak of flames.
The eight-headed hydra is heavily wounded.
The eight-headed hydra bites you!
The eight-headed hydra is burned by your cloak of flames.
The eight-headed hydra is heavily wounded.
The eight-headed hydra bites you.
The eight-headed hydra is burned by your cloak of flames.
The eight-headed hydra is heavily wounded.
The eight-headed hydra barely misses you.
You block the water moccasin's attack.
10055 ||| READING 2 scrolls of teleportation.
As you read the scroll of teleportation, it crumbles to dust.
You feel strangely unstable. The water moccasin barely misses you.
The bullfrog hits you but does no damage.
The bullfrog is burned by your cloak of flames.
You kill the bullfrog!
The eight-headed hydra bites you.
The eight-headed hydra is burned by your cloak of flames.
The eight-headed hydra is heavily wounded.
The eight-headed hydra bites you!
The eight-headed hydra is burned by your cloak of flames.
The eight-headed hydra is severely wounded.
The eight-headed hydra completely misses you.
The eight-headed hydra bites you.
You die... 7777

...7 ...7 +
+..7 #. #..7
7 #..
#..77#... #
#..D
#@%.....7 . 7
#..Fl
#DS77#... .7
7. #..YF.#F%7
.7
7..+#####F..7
7...........7
7...........7
777777.777777
7.7 #.#


You could see an eight-headed hydra, a cane toad, a water moccasin and a
bullfrog.

Vanquished Creatures
  A hydra (Lair:3)
  3 death yaks (D:9)
  Sonja (Lair:1)
  A black mamba (Lair:3)
  Joseph (D:8)
  A cane toad (Lair:3)
  3 elephants
  3 komodo dragons
  A rime drake (Lair:2)
  A polar bear (Lair:3)
  8 blink frogs
  Prince Ribbit (D:6)
  3 wyverns
  Eustachio (D:6)
  12 yaks
  A steam dragon (Lair:1)
  2 swamp worms (Lair:3)
  6 water moccasins
  An orc warrior (D:8)
  A sky beast (D:6)
  2 black bears
  An ice beast (D:5)
  4 ogres
  6 wolves (Lair:2)
  A centaur (D:7)
  3 phantoms
  A kobold brigand (D:9)
  10 bullfrogs
  3 gnoll sergeants
  3 necrophages
  4 scorpions
  3 wights (D:9)
  5 killer bees (D:8)
  5 jellies
  An electric eel (D:6)
  6 howler monkeys
  3 hounds
  A gnoll bouda (D:6)
  7 orc priests
  2 iguanas
  An iron imp (D:9)
  Ijyb (D:3)
  8 orc wizards
  3 hell rats (D:9)
  11 gnolls
  9 adders
  2 river rats (D:9)
  2 shadow imps
  A white imp (D:5)
  An ufetubus (D:5)
  2 worms
  3 dart slugs
  32 orcs
  3 bats
  5 endoplasms
  A giant cockroach (D:3)
  10 goblins
  4 hobgoblins
  14 jackals
  19 kobolds
  7 quokkas
  5 ball pythons
  3 frilled lizards (D:1)
  4 rats
274 creatures vanquished.

Vanquished Creatures (others)
  A bat (D:1)
  A fungus (Lair:3)
  6 plants (D:6)
8 creatures vanquished.

Grand Total: 282 creatures vanquished

Notes
Turn   | Place    | Note
-------+----------+-------------------------------------------
     0 | D:1      | qw the Troll Cinder Acolyte began the quest for the Orb.
     0 | D:1      | Reached XP level 1. HP: 22/22 MP: 1/1
     0 | D:1      | 0 ||| qw: Version: 0.1-a-97-g2dd2ca4
     0 | D:1      | 0 ||| qw: Game counter: 4554
     0 | D:1      | 0 ||| qw: Always use a shield: true
     0 | D:1      | 0 ||| qw: God list: Okawaru
     0 | D:1      | 0 ||| qw: Allow faded altars: false
     0 | D:1      | 0 ||| qw: Do Orc after D:15 true
     0 | D:1      | 0 ||| qw: Do second Lair branch before Depths: true
     0 | D:1      | 0 ||| qw: Lair rune preference: random
     0 | D:1      | 0 ||| qw: Plans: Normal
     0 | D:1      | 0 ||| PLANNING D:1-11
   111 | D:1      | Reached XP level 2. HP: 29/29 MP: 2/2
   376 | D:1      | Reached skill level 4 in Unarmed Combat
   436 | D:1      | Reached XP level 3. HP: 36/36 MP: 3/3
  1072 | D:1      | 1072 ||| UPGRADING to ring of poison resistance.
  1073 | D:1      | 1073 ||| READING scroll labelled DUVAUCYPHY.
  1074 | D:1      | 1074 ||| READING 2 scrolls labelled SOED PANYA.
  1077 | D:1      | 1077 ||| READING scroll labelled BEWOMP FIGEFUZ.
  1078 | D:1      | 1078 ||| READING scroll labelled VUOTA BADIOM.
  1096 | D:1      | 1096 ||| READING scroll labelled OLEW GOOKKEM.
  1097 | D:1      | 1097 ||| READING scroll labelled JUXTUSMUGG.
  1198 | D:1      | 1198 ||| READING scroll labelled KOESCH EFOYRR.
  1227 | D:2      | 1227 ||| STAIRDANCE
  1233 | D:2      | 1233 ||| STAIRDANCE
  1242 | D:2      | 1242 ||| STAIRDANCE
  1266 | D:2      | 1266 ||| STAIRDANCE
  1274 | D:2      | 1274 ||| STAIRDANCE
  1280 | D:2      | 1280 ||| STAIRDANCE
  1292 | D:2      | 1292 ||| STAIRDANCE
  1448 | D:2      | Found a shadowy altar of Dithmenos.
  1591 | D:2      | Reached XP level 4. HP: 44/44 MP: 4/4
  1716 | D:2      | 1716 ||| READING scroll labelled BIOTZER DIHO.
  1717 | D:2      | 1717 ||| DRINKING 2 bubbling dark potions.
  1880 | D:3      | Reached skill level 1 in Throwing
  1882 | D:3      | Reached skill level 5 in Unarmed Combat
  2274 | D:3      | Noticed Ijyb
  2282 | D:3      | Killed Ijyb
  2702 | D:3      | 2702 ||| UPGRADING to +6 ring of strength.
  2703 | D:3      | 2703 ||| READING scroll labelled KEIKLIOLAI.
  2704 | D:3      | 2704 ||| READING scroll labelled USUUGG RYFI.
  2705 | D:3      | 2705 ||| DRINKING 2 murky grey potions.
  2741 | D:4      | Noticed an ogre
  2744 | D:4      | 2744 ||| INVOKING Fiery Armour.
  2746 | D:4      | 2746 ||| STAIRDANCE
  2750 | D:3      | Killed an ogre
  2751 | D:3      | Reached skill level 6 in Unarmed Combat
  2751 | D:3      | Reached XP level 5. HP: 44/50 MP: 5/5
  2878 | D:4      | 2878 ||| Stepping ~*~*~tactically~*~*~ (hiding).
  2881 | D:4      | Noticed an ogre
  2885 | D:4      | 2885 ||| Stepping ~*~*~tactically~*~*~ (hiding).
  2886 | D:4      | 2886 ||| INVOKING Fiery Armour.
  2888 | D:4      | Killed an ogre
  2889 | D:4      | Reached skill level 7 in Unarmed Combat
  2889 | D:4      | Reached XP level 6. HP: 34/59 MP: 6/6
  2892 | D:4      | 2892 ||| FLEEEEING.
  2893 | D:4      | 2893 ||| FLEEEEING.
  2894 | D:4      | 2894 ||| FLEEEEING.
  2895 | D:4      | 2895 ||| FLEEEEING.
  2896 | D:4      | 2896 ||| FLEEEEING.
  2897 | D:4      | 2897 ||| FLEEEEING.
  2898 | D:4      | 2898 ||| FLEEEEING.
  2899 | D:4      | 2899 ||| FLEEEEING.
  2900 | D:4      | 2900 ||| FLEEEEING.
  2901 | D:4      | 2901 ||| FLEEEEING.
  2902 | D:4      | 2902 ||| FLEEEEING.
  2904 | D:4      | 2904 ||| FLEEEEING.
  2905 | D:4      | 2905 ||| FLEEEEING.
  2906 | D:4      | 2906 ||| FLEEEEING.
  2907 | D:4      | 2907 ||| FLEEEEING.
  2908 | D:4      | 2908 ||| FLEEEEING.
  2912 | D:4      | 2912 ||| FLEEEEING.
  2913 | D:4      | 2913 ||| FLEEEEING.
  2981 | D:4      | Reached XP level 7. HP: 66/66 MP: 7/7
  3031 | D:4      | 3031 ||| Stepping ~*~*~tactically~*~*~ (outnumbered).
  3032 | D:4      | 3032 ||| Stepping ~*~*~tactically~*~*~ (outnumbered).
  3034 | D:4      | Reached skill level 8 in Unarmed Combat
  3117 | D:4      | 3117 ||| Stepping ~*~*~tactically~*~*~ (stealth).
  3260 | D:4      | Reached skill level 3 in Fighting
  3262 | D:4      | 3262 ||| FLEEEEING.
  3265 | D:4      | 3265 ||| FLEEEEING.
  3278 | D:4      | 3278 ||| INVOKING Fiery Armour.
  3281 | D:4      | 3281 ||| Stepping ~*~*~tactically~*~*~ (outnumbered).
  3472 | D:4      | 3472 ||| READING scroll labelled SIMEPN BONU.
  3498 | D:5      | Entered Level 5 of the Dungeon
  3500 | D:5      | 3500 ||| Stepping ~*~*~tactically~*~*~ (hiding).
  3501 | D:5      | 3501 ||| Stepping ~*~*~tactically~*~*~ (hiding).
  3681 | D:5      | Reached skill level 9 in Unarmed Combat
  3992 | D:5      | Reached skill level 1 in Dodging
  3992 | D:5      | Reached XP level 8. HP: 75/75 MP: 8/8
  4073 | D:5      | 4073 ||| FLEEEEING.
  4074 | D:5      | 4074 ||| FLEEEEING.
  4075 | D:5      | 4075 ||| FLEEEEING.
  4076 | D:5      | 4076 ||| FLEEEEING.
  4077 | D:5      | 4077 ||| Stepping ~*~*~tactically~*~*~ (hiding).
  4078 | D:5      | 4078 ||| Stepping ~*~*~tactically~*~*~ (hiding).
  4080 | D:5      | 4080 ||| Stepping ~*~*~tactically~*~*~ (hiding).
  4081 | D:5      | 4081 ||| Stepping ~*~*~tactically~*~*~ (hiding).
  4082 | D:5      | 4082 ||| Stepping ~*~*~tactically~*~*~ (hiding).
  4083 | D:5      | 4083 ||| Stepping ~*~*~tactically~*~*~ (hiding).
  4279 | D:5      | Found an ornate altar of the Wu Jian Council.
  4489 | D:5      | 4489 ||| READING scroll labelled XOLAZA YGOU.
  4490 | D:5      | 4490 ||| DRINKING 2 purple potions.
  4491 | D:5      | 4491 ||| DRINKING 2 glowing grey potions.
  4492 | D:5      | 4492 ||| DROPPING potion of brilliance.
  4493 | D:5      | 4493 ||| DROPPING potion of flight.
  4559 | D:6      | 4559 ||| FLEEEEING.
  4560 | D:6      | 4560 ||| FLEEEEING.
  4561 | D:6      | 4561 ||| FLEEEEING.
  4563 | D:6      | 4563 ||| FLEEEEING.
  4564 | D:6      | 4564 ||| FLEEEEING.
  4565 | D:6      | 4565 ||| FLEEEEING.
  4566 | D:6      | 4566 ||| FLEEEEING.
  4567 | D:6      | 4567 ||| FLEEEEING.
  4568 | D:6      | 4568 ||| FLEEEEING.
  4569 | D:6      | 4569 ||| FLEEEEING.
  4572 | D:6      | 4572 ||| FLEEEEING.
  4573 | D:6      | 4573 ||| FLEEEEING.
  4579 | D:6      | Reached skill level 10 in Unarmed Combat
  4582 | D:6      | 4582 ||| STAIRDANCE
  4679 | D:6      | 4679 ||| Stepping ~*~*~tactically~*~*~ (hiding).
  4693 | D:6      | 4693 ||| INVOKING Fiery Armour.
  4697 | D:6      | HP: 16/78 [gnoll sergeant/+0 spear (6)]
  4698 | D:6      | 4698 ||| READING 8 scrolls of teleportation.
  4698 | D:6      | HP: 5/78 [gnoll sergeant/+0 spear (10)]
  4699 | D:6      | 4699 ||| DRINKING potion of heal wounds.
  4703 | D:6      | HP: 17/78 [poisoned by a water moccasin]
  4706 | D:6      | 4706 ||| READING 7 scrolls of teleportation.
  4707 | D:6      | 4707 ||| Stepping ~*~*~tactically~*~*~ (outnumbered).
  4808 | D:6      | 4808 ||| Stepping ~*~*~tactically~*~*~ (stealth).
  4845 | D:6      | 4845 ||| Stepping ~*~*~tactically~*~*~ (stealth).
  4849 | D:6      | Reached XP level 9. HP: 84/84 MP: 9/9
  4852 | D:6      | 4852 ||| FLEEEEING.
  4853 | D:6      | 4853 ||| FLEEEEING.
  4854 | D:6      | 4854 ||| FLEEEEING.
  4855 | D:6      | 4855 ||| FLEEEEING.
  4856 | D:6      | 4856 ||| Stepping ~*~*~tactically~*~*~ (hiding).
  4857 | D:6      | 4857 ||| Stepping ~*~*~tactically~*~*~ (hiding).
  4858 | D:6      | 4858 ||| Stepping ~*~*~tactically~*~*~ (hiding).
  4870 | D:6      | Reached skill level 11 in Unarmed Combat
  4876 | D:6      | 4876 ||| FLEEEEING.
  4877 | D:6      | 4877 ||| FLEEEEING.
  4883 | D:6      | 4883 ||| FLEEEEING.
  4884 | D:6      | 4884 ||| FLEEEEING.
  4885 | D:6      | 4885 ||| FLEEEEING.
  4886 | D:6      | 4886 ||| FLEEEEING.
  4887 | D:6      | 4887 ||| FLEEEEING.
  4888 | D:6      | 4888 ||| FLEEEEING.
  4889 | D:6      | 4889 ||| FLEEEEING.
  4890 | D:6      | 4890 ||| FLEEEEING.
  4893 | D:6      | 4893 ||| STAIRDANCE
  4924 | D:6      | 4924 ||| Stepping ~*~*~tactically~*~*~ (stealth).
  4937 | D:6      | 4937 ||| READING 6 scrolls of teleportation.
  4944 | D:6      | Reached skill level 3 in Throwing
  4995 | D:6      | Noticed Eustachio
  5001 | D:6      | Killed Eustachio
  5034 | D:6      | Noticed Prince Ribbit
  5051 | D:6      | 5051 ||| INVOKING Fiery Armour.
  5068 | D:6      | Killed Prince Ribbit
  5293 | D:6      | Noticed qw's ghost (novice TeWr)
  5294 | D:6      | Found a runed translucent gate.
  5294 | D:6      | Found a runed translucent gate.
  5296 | D:6      | Found a runed translucent gate.
  5592 | D:6      | 5592 ||| READING 5 scrolls of teleportation.
  5668 | D:7      | 5668 ||| STAIRDANCE
  5672 | D:6      | Reached skill level 12 in Unarmed Combat
  5779 | D:7      | 5779 ||| Stepping ~*~*~tactically~*~*~ (hiding).
  5780 | D:7      | 5780 ||| Stepping ~*~*~tactically~*~*~ (hiding).
  5938 | D:7      | Found a staircase to the Ecumenical Temple.
  5986 | D:7      | Found a flagged portal.
  6096 | D:7      | Found an iron altar of Okawaru.
  6221 | D:7      | 6221 ||| DROPPING +0 hat of intelligence.
  6222 | D:7      | 6222 ||| READING 4 scrolls of identify.
  6222 | D:7      | 6222 ||| IDENTIFYING amethyst potion
  6223 | D:7      | 6223 ||| READING 3 scrolls of identify.
  6223 | D:7      | 6223 ||| IDENTIFYING viscous cyan potion
  6308 | D:8      | 6308 ||| Stepping ~*~*~tactically~*~*~ (stealth).
  6505 | D:8      | Noticed Joseph
  6512 | D:8      | Killed Joseph
  6526 | D:8      | Reached skill level 13 in Unarmed Combat
  6526 | D:8      | Reached XP level 10. HP: 69/96 MP: 10/10
  6788 | D:8      | 6788 ||| Stepping ~*~*~tactically~*~*~ (stealth).
  6792 | D:8      | 6792 ||| Stepping ~*~*~tactically~*~*~ (stealth).
  6874 | D:8      | 6874 ||| READING scroll labelled ERINIA UTHOCUO.
  6875 | D:8      | 6875 ||| DRINKING 2 grey potions.
  6876 | D:8      | 6876 ||| DROPPING potion of degeneration.
  6891 | D:9      | Found a snail-covered altar of Cheibriados.
  6919 | D:9      | Found a sacrificial altar of Ru.
  6968 | D:9      | 6968 ||| Stepping ~*~*~tactically~*~*~ (stealth).
  6970 | D:9      | 6970 ||| Stepping ~*~*~tactically~*~*~ (hiding).
  6996 | D:9      | 6996 ||| Stepping ~*~*~tactically~*~*~ (stealth).
  6997 | D:9      | 6997 ||| Stepping ~*~*~tactically~*~*~ (stealth).
  7013 | D:9      | Noticed a death yak
  7014 | D:9      | 7014 ||| INVOKING Fiery Armour.
  7015 | D:9      | Noticed a death yak
  7016 | D:9      | 7016 ||| Stepping ~*~*~tactically~*~*~ (stealth).
  7019 | D:9      | Noticed a death yak
  7021 | D:9      | Killed a death yak
  7032 | D:9      | Killed a death yak
  7033 | D:9      | Reached skill level 14 in Unarmed Combat
  7039 | D:9      | HP: 21/96 [death yak (20)]
  7040 | D:9      | 7040 ||| READING 5 scrolls of teleportation.
  7041 | D:9      | 7041 ||| DRINKING 2 potions of heal wounds.
  7043 | D:9      | Found a staircase to the Lair.
  7052 | D:9      | 7052 ||| Stepping ~*~*~tactically~*~*~ (outnumbered).
  7053 | D:9      | 7053 ||| Stepping ~*~*~tactically~*~*~ (outnumbered).
  7055 | D:9      | HP: 20/96 [hell rat (15)]
  7056 | D:9      | 7056 ||| READING 4 scrolls of teleportation.
  7057 | D:9      | 7057 ||| DRINKING potion of heal wounds.
  7058 | D:9      | Killed a death yak
  7118 | D:9      | 7118 ||| Stepping ~*~*~tactically~*~*~ (stealth).
  7121 | D:9      | 7121 ||| Stepping ~*~*~tactically~*~*~ (stealth).
  7122 | D:9      | 7122 ||| Stepping ~*~*~tactically~*~*~ (stealth).
  7125 | D:9      | Reached skill level 6 in Fighting
  7132 | D:9      | 7132 ||| Stepping ~*~*~tactically~*~*~ (stealth).
  7234 | D:9      | Noticed qw's ghost (novice TrCA)
  7258 | D:9      | Found a transporter.
  7263 | D:9      | Found a transporter.
  7328 | D:9      | 7328 ||| Stepping ~*~*~tactically~*~*~ (hiding).
  7336 | D:9      | 7336 ||| Stepping ~*~*~tactically~*~*~ (outnumbered).
  7424 | D:9      | 7424 ||| Stepping ~*~*~tactically~*~*~ (stealth).
  7427 | D:9      | 7427 ||| Stepping ~*~*~tactically~*~*~ (stealth).
  7482 | D:9      | Noticed a centaur warrior
  7482 | D:9      | Noticed a cyclops
  7483 | D:9      | Noticed a deep elf pyromancer
  7486 | D:9      | Noticed a deep elf pyromancer
  7487 | D:9      | Noticed a four-headed hydra
  7510 | D:9      | Found a basalt altar of Yredelemnul.
  7513 | D:9      | Found an opulent altar of Gozag.
  7563 | D:9      | 7563 ||| Stepping ~*~*~tactically~*~*~ (hiding).
  7568 | D:9      | 7568 ||| Stepping ~*~*~tactically~*~*~ (stealth).
  7630 | D:9      | 7630 ||| Stepping ~*~*~tactically~*~*~ (stealth).
  7797 | D:9      | 7797 ||| PLANNING LAIR
  7797 | D:9      | 7797 ||| UPGRADING to +0 kite shield.
  7821 | Lair:1   | Entered Level 1 of the Lair of Beasts
  7905 | Lair:1   | Found a runed translucent gate.
  7934 | Lair:1   | Noticed Sonja
  7935 | Lair:1   | 7935 ||| INVOKING Fiery Armour.
  7948 | Lair:1   | Killed Sonja
  7949 | Lair:1   | Reached XP level 11. HP: 69/105 MP: 11/11
  8035 | Lair:1   | Reached skill level 3 in Shields
  8042 | Lair:1   | Found a broken altar of Ashenzari.
  8050 | Lair:1   | 8050 ||| INVOKING Fiery Armour.
  8364 | Lair:1   | Found a runed translucent gate.
  8364 | Lair:1   | Found a runed translucent gate.
  8366 | Lair:1   | Found a viscous altar of Jiyva.
  8366 | Lair:1   | Noticed qw's ghost (novice TrCA)
  8372 | Lair:1   | 8372 ||| Stepping ~*~*~tactically~*~*~ (hiding).
  8725 | Lair:1   | 8725 ||| READING 3 scrolls of teleportation.
  8787 | Lair:2   | 8787 ||| INVOKING Fiery Armour.
  8789 | Lair:2   | 8789 ||| Stepping ~*~*~tactically~*~*~ (stealth).
  8791 | Lair:2   | 8791 ||| Stepping ~*~*~tactically~*~*~ (outnumbered).
  9047 | Lair:2   | 9047 ||| Stepping ~*~*~tactically~*~*~ (hiding).
  9051 | Lair:2   | Reached skill level 6 in Shields
  9284 | Lair:2   | 9284 ||| Stepping ~*~*~tactically~*~*~ (stealth).
  9292 | Lair:2   | 9292 ||| Stepping ~*~*~tactically~*~*~ (stealth).
  9306 | Lair:2   | 9306 ||| INVOKING Fiery Armour.
  9367 | Lair:2   | 9367 ||| Stepping ~*~*~tactically~*~*~ (outnumbered).
  9368 | Lair:2   | 9368 ||| Stepping ~*~*~tactically~*~*~ (outnumbered).
  9375 | Lair:2   | 9375 ||| Stepping ~*~*~tactically~*~*~ (outnumbered).
  9377 | Lair:2   | 9377 ||| Stepping ~*~*~tactically~*~*~ (outnumbered).
  9380 | Lair:2   | 9380 ||| Stepping ~*~*~tactically~*~*~ (outnumbered).
  9381 | Lair:2   | 9381 ||| Stepping ~*~*~tactically~*~*~ (outnumbered).
  9382 | Lair:2   | 9382 ||| Stepping ~*~*~tactically~*~*~ (outnumbered).
  9383 | Lair:2   | 9383 ||| Stepping ~*~*~tactically~*~*~ (outnumbered).
  9384 | Lair:2   | 9384 ||| Stepping ~*~*~tactically~*~*~ (outnumbered).
  9385 | Lair:2   | 9385 ||| Stepping ~*~*~tactically~*~*~ (outnumbered).
  9386 | Lair:2   | 9386 ||| Stepping ~*~*~tactically~*~*~ (outnumbered).
  9387 | Lair:2   | 9387 ||| Stepping ~*~*~tactically~*~*~ (outnumbered).
  9587 | Lair:2   | 9587 ||| READING 6 scrolls of identify.
  9587 | Lair:2   | 9587 ||| IDENTIFYING bubbling silvery potion
  9598 | Lair:3   | 9598 ||| STAIRDANCE
  9611 | Lair:3   | 9611 ||| Stepping ~*~*~tactically~*~*~ (outnumbered).
  9612 | Lair:3   | 9612 ||| Stepping ~*~*~tactically~*~*~ (outnumbered).
  9613 | Lair:3   | 9613 ||| Stepping ~*~*~tactically~*~*~ (outnumbered).
  9614 | Lair:3   | 9614 ||| Stepping ~*~*~tactically~*~*~ (outnumbered).
  9615 | Lair:3   | 9615 ||| Stepping ~*~*~tactically~*~*~ (outnumbered).
  9616 | Lair:3   | 9616 ||| Stepping ~*~*~tactically~*~*~ (outnumbered).
  9617 | Lair:3   | 9617 ||| Stepping ~*~*~tactically~*~*~ (outnumbered).
  9618 | Lair:3   | 9618 ||| Stepping ~*~*~tactically~*~*~ (outnumbered).
  9619 | Lair:3   | 9619 ||| Stepping ~*~*~tactically~*~*~ (outnumbered).
  9620 | Lair:3   | 9620 ||| Stepping ~*~*~tactically~*~*~ (outnumbered).
  9621 | Lair:3   | 9621 ||| Stepping ~*~*~tactically~*~*~ (outnumbered).
  9629 | Lair:3   | 9629 ||| Stepping ~*~*~tactically~*~*~ (outnumbered).
  9630 | Lair:3   | 9630 ||| INVOKING Fiery Armour.
  9631 | Lair:3   | 9631 ||| Stepping ~*~*~tactically~*~*~ (outnumbered).
  9632 | Lair:3   | 9632 ||| Stepping ~*~*~tactically~*~*~ (outnumbered).
  9633 | Lair:3   | 9633 ||| Stepping ~*~*~tactically~*~*~ (outnumbered).
  9636 | Lair:3   | HP: 21/105 [komodo dragon (14)]
  9637 | Lair:3   | 9637 ||| READING 3 scrolls of teleportation.
  9682 | Lair:3   | 9682 ||| FLEEEEING.
  9683 | Lair:3   | 9683 ||| FLEEEEING.
  9684 | Lair:3   | 9684 ||| FLEEEEING.
  9685 | Lair:3   | 9685 ||| FLEEEEING.
  9688 | Lair:3   | 9688 ||| STAIRDANCE
  9817 | Lair:3   | 9817 ||| Stepping ~*~*~tactically~*~*~ (stealth).
  9826 | Lair:3   | Reached skill level 9 in Shields
  9897 | Lair:3   | 9897 ||| Stepping ~*~*~tactically~*~*~ (hiding).
  9905 | Lair:3   | 9905 ||| Stepping ~*~*~tactically~*~*~ (hiding).
 10042 | Lair:3   | Noticed an eight-headed hydra
 10042 | Lair:3   | Noticed a seven-headed hydra
 10043 | Lair:3   | 10043 ||| INVOKING Fiery Armour.
 10044 | Lair:3   | 10044 ||| Stepping ~*~*~tactically~*~*~ (stealth).
 10046 | Lair:3   | Killed a nine-headed hydra
 10047 | Lair:3   | Reached XP level 12. HP: 48/114 MP: 12/12
 10052 | Lair:3   | 10052 ||| Stepping ~*~*~tactically~*~*~ (outnumbered).
 10054 | Lair:3   | 10054 ||| Stepping ~*~*~tactically~*~*~ (outnumbered).
 10054 | Lair:3   | HP: 19/114 [eight-headed hydra (13)]
 10055 | Lair:3   | 10055 ||| READING 2 scrolls of teleportation.
 10055 | Lair:3   | HP: 2/114 [eight-headed hydra (9)]
 10055 | Lair:3   | Slain by an eight-headed hydra

Levels and vault maps discovered:
D:1:      dpeg_arrival_morbid_curiosity, layout_basic, lemuel_flame_loot_1
D:2:      layout_rooms, basic_altar
D:3:      layout_basic, minmay_misc_feat_rows, uniq_ijyb
D:4:      layout_loops_ring
D:5:      nicolae_cairo_tiling, layout_loops_corners,
          pdpol_wu_jian_five_deadly_venoms
D:6:      layout_loops_ring, biasface_ghost_orc_armoury, serial_bayou_pond_b,
          kennysheep_diamond, corexii_item_surrounded_by_moat,
          uniq_prince_ribbit1, uniq_eustachio
D:7:      layout_cave_pools, overflow_temple_1_default,
          minmay_temple_entry_statues_fountains, enter_bailey_5
D:8:      layout_basic, uniq_joseph
D:9:      layout_roguey, nicolae_ru_awakened_eye, minitemple, slow_altar_1,
          dpeg_lair_monsters, gammafunk_ghost_hive,
          onia_ninara_dug_in_and_dangerous
Lair:1:   layout_gridlike, gammafunk_ghost_ooze, basic_altar,
          nicolae_quartered_pool_super, uniq_sonja
Lair:2:   layout_chaotic_city, grunt_megastairs_3
Lair:3:   nzn_winding_woodlands_cross [nzn_winding_woodlands_5x15_default,
          nzn_winding_woodlands_5x15_concentric,
          nzn_winding_woodlands_5x15_twine, nzn_winding_woodlands_5x15_sawtooth,
          nzn_winding_woodlands_15x15_killbox], layout_gridlike,
          nicolae_swamp_entry_splash_gauntlet, dummy_spider_entry,
          lemuel_fruit_fields, infiniplex_staircase_pool_2

Skill      XL: |  1  2  3  4  5  6  7  8  9 10 11 |
---------------+----------------------------------+-----
Unarmed Combat | 4 6 7 9 10 13 14 | 14.9
Throwing       | 1 2 3 |  3.3
Fighting       | 3 4 5 6 |  6.0
Dodging        | 1 |  1.0
Shields        | 2 9 |  9.7
Spellcasting   | |  1.0
Fire Magic     | |  2.1

Action                   |  1- 3 |  4- 6 |  7- 9 | 10-12 || total
-------------------------+-------+-------+-------+-------++-------
Melee: Unarmed           |   136 |    81 |   256 |   266 ||   739
       Punch             |     2 |     2 |     9 |     9 ||    22
Throw: Javelin           |       |    21 |    49 |    51 ||   121
       Boomerang         |       |       |       |    31 ||    31
Invok: Fiery Armour      |       |     2 |     3 |     7 ||    12
  Use: Scroll            |     7 |     3 |     8 |     7 ||    25
       Potion            |       |     2 |     3 |     3 ||     8
Armor: Robe              |    47 |    28 |    59 |    70 ||   204
       Skin              |       |     3 |       |       ||     3
Dodge: Dodged            |    71 |    47 |    72 |    75 ||   265
Block: Kite shield       |       |       |       |    51 ||    51

Table legend:
 A = Non-vault XP
 B = Vault XP
 C = Vault XP percentage of total XP
 D = Non-vault monster count
 E = Vault monster count
 F = Vault count percentage of total count
                 A         B        C        D         E       F
            +---------+---------+-------+---------+---------+-------
      Total |   16261 |    6237 |  27.7 |     240 |      34 |  12.4
            +---------+---------+-------+---------+---------+-------
        D:1 |      71 |       0 |   0.0 |      38 |       0 |   0.0
        D:2 |      27 |       0 |   0.0 |       7 |       0 |   0.0
        D:3 |     156 |      36 |  18.8 |      17 |       1 |   5.6
        D:4 |     793 |       0 |   0.0 |      28 |       0 |   0.0
        D:5 |     698 |       0 |   0.0 |      18 |       0 |   0.0
        D:6 |    1281 |     941 |  42.3 |      27 |       9 |  25.0
        D:7 |     395 |       6 |   1.5 |      11 |       4 |  26.7
        D:8 |    1174 |     439 |  27.2 |      26 |       1 |   3.7
        D:9 |    1609 |    2597 |  61.7 |      25 |      12 |  32.4
     Lair:1 |    1980 |     769 |  28.0 |       8 |       1 |  11.1
     Lair:2 |    4236 |      90 |   2.1 |      21 |       1 |   4.5
     Lair:3 |    3841 |    1359 |  26.1 |      14 |       5 |  26.3
            +---------+---------+-------+---------+---------+-------
